 Dungeon Crawl Stone Soup version 0.30.1-4-g462c640d31 (webtiles) character file.

Game seed: 17296128179792058213

203 Cheops the Conjurer (level 5, -3/28 HPs)
             Began as a Deep Elf Conjurer on Aug 23, 2023.
             Slain by an iguana (12 damage)
             ... on level 5 of the Dungeon.
             The game lasted 00:13:45 (2552 turns).

Cheops the Conjurer (Deep Elf Conjurer)             Turns: 2552, Time: 00:13:46

Health: -3/28      AC:  2    Str:  4    XL:     5   Next: 51%
Magic:  13/13      EV: 12    Int: 25    God:
Gold:   118        SH:  0    Dex: 13    Spells: 2/12 levels left

rFire   . . .        a - +0 dagger (venom)
rCold   . . .        (no shield)
rNeg    . . .        j - +0 robe
rPois   .            (no helmet)
rElec   .            (no cloak)
rCorr   .            (no gloves)
SInv    .            (no boots)
Will    .....        (no amulet)
Stlth   ++           (no ring)
HPRegen 0.24/turn    (no ring)
MPRegen 0.13/turn

%: no passive effects
@: weak-willed
A: no striking features
a: no special abilities


You were on level 5 of the Dungeon.
You visited 1 branch of the dungeon, and saw 5 of its levels.

You collected 118 gold pieces.

Inventory:

Hand Weapons
 a - a +0 dagger of venom (weapon)
Armour
 j - a +0 robe (worn)
Wands
 l - a wand of polymorph (6)
Scrolls
 f - 4 scrolls of teleportation {unknown}
 g - a scroll of magic mapping
 h - a scroll of poison {unknown}
 m - a scroll of immolation {unknown}
 q - a scroll of noise {unknown}
Potions
 b - a potion of magic
 d - a potion of heal wounds {unknown}
 i - 2 potions of curing {unknown}
 k - a potion of attraction {unknown}
 n - a potion of berserk rage {unknown}
 o - 2 potions of mutation {unknown}
 p - a potion of lignification {unknown}


   Skills:
 - Level 3.0 Dodging
 - Level 2.4 Stealth
 - Level 4.0 Spellcasting
 + Level 5.8 Conjurations
 - Level 2.0 Hexes
 - Level 3.0 Ice Magic


You had 2 spell levels left.
You knew the following spells:

 Your Spells              Type           Power      Damage    Failure   Level
a - Magic Dart            Conj           100%       1d8       1%          1
b - Searing Ray           Conj           68%        2d6       1%          2
h - Hailstorm             Conj/Ice       27%        3d7       4%          3
p - Fulminant Prism       Conj/Hex       12%        3d8       19%         4

Your spell library contained the following spells:

 Spells                   Type           Power      Damage    Failure   Level
 Dazzling Flash           Conj/Hex       48%        N/A       5%          3
 Volatile Blastmotes      Fire/Tloc      10%        2d10      26%         3
 Iskenderun's Mystic Bla  Conj/Tloc      19%        2d6       26%         4
 Ice Form                 Ice/Tmut       12%        N/A       43%         4
 Starburst                Conj/Fire      9%         6d5       99%         6
 Simulacrum               Ice/Necr       6%         N/A       100%        6


Dungeon Overview and Level Annotations

Branches:
Dungeon (6/15)
 Temple: D:4-7

Altars:
Kikubaaqudgha


Message History

The magic dart hits the rat!
You kill the rat!
No target in view!
A sourceless malevolence fills the Dungeon...
You fall into a shaft and drop 3 floors!
The shaft crumbles and collapses.
Found a stone staircase leading up.
There is a stone staircase leading up here.
You climb upwards.
Found a stone staircase leading down.
There is a stone staircase leading down here.
An iguana comes into view.
The orc shouts!
The iguana hisses angrily.
The orc priest shouts!
You hit the iguana but do no damage.
The iguana is poisoned.
You hear a shout!
An orc comes into view. It is wielding a +0 hand axe.
An orc wizard comes into view. It is wielding a +0 dagger.
The iguana bites you!
An adder comes into view.
The iguana closely misses you. The iguana closely misses you.
The iguana attacks as you move away! The iguana closely misses you.
As you read the scroll labelled BEPO VOOSTROSIG, it crumbles to dust.
It is a scroll of amnesia.
Really abort (and waste the scroll)?
Okay, then.
The iguana completely misses you.
As you read the scroll labelled MAYGAS ULYL, it crumbles to dust.
Magic quickly surges around you.
It was a scroll of vulnerability.
The iguana misses you.
As you read the scroll labelled UPSIKL KAQYITOGAPN, it crumbles to dust.
You feel aware of your surroundings.
It was a scroll of magic mapping.
The orc priest begins to cast a cantrip, but forgets the words!
The iguana completely misses you. The iguana attacks as you move away!
The iguana misses you. The iguana attacks as you move away!
The iguana bites you!
* * * LOW HITPOINT WARNING * * *
The iguana attacks as you move away! The iguana bites you!
You die...

,,,,,,,,**,,*****,***,,,,~~~,,,,,
,,,,,,,,,,,,,,,**,,,,,,*~~*~,,,,,
**,,,**,,,****,****..,,~*~~~~,,,,
*,,,**,,,** *,,,,,SP,,***~~~~,,,
**,,,,,,*,,* ******#.,,,,***~*,,,
,,,,,,****<***#### #.##*,.P♣...,,
,*,,,** *,,,,,..# *..#*,..P..♣.,
,*,,,* ******#.# *#.#**...o.o.,
,*,,,* #@####.##*....o.., ,*,,,*
#.l.o...#*.....o., ******
#####.o.##...>..., ##..o..o.....,
*****#.##>.......,
****,...............,
**,,,,####.###.......,
************,,**** #.#**.......,
*,,,,,,,,,,,,** #..**#....P.,


You could see an iguana (poisoned, weak-willed), an orc priest (weak-willed), an
orc wizard (weak-willed) and an orc (weak-willed).

Vanquished Creatures
  Terence (D:2)
  Natasha (D:2)
  An orc wizard (D:3)
  Robin (D:2)
  An adder (D:2)
  A gnoll (D:1)
  A dart slug (D:2)
  7 orcs (D:3)
  6 endoplasms
  5 giant cockroaches
  17 goblins
  10 hobgoblins
  5 quokkas
  4 ball pythons
  3 bats (D:2)
  3 frilled lizards
  6 kobolds
  13 rats
86 creatures vanquished.

Notes
Turn   | Place    | Note
-------+----------+-------------------------------------------
     0 | D:1      | Cheops the Deep Elf Conjurer began the quest for the Orb.
     0 | D:1      | Reached XP level 1. HP: 10/10 MP: 6/6
   171 | D:1      | Reached XP level 2. HP: 15/15 MP: 5/8
   207 | D:1      | Reached skill level 5 in Conjurations
   210 | D:1      | Learned a level 2 spell: Searing Ray
   415 | D:1      | Reached XP level 3. HP: 19/19 MP: 4/10
   567 | D:1      | Reached skill level 1 in Hexes
  1078 | D:2      | Learned a level 3 spell: Hailstorm
  1081 | D:2      | Noticed Robin
  1082 | D:2      | Reached skill level 1 in Ice Magic
  1411 | D:2      | Noticed Terence
  1417 | D:2      | Killed Terence
  1418 | D:2      | Reached XP level 4. HP: 8/24 MP: 2/12
  1894 | D:2      | Noticed Natasha
  1900 | D:2      | Killed Natasha
  1906 | D:2      | Learned a level 4 spell: Fulminant Prism
  1945 | D:2      | Reached XP level 5. HP: 28/28 MP: 10/13
  2089 | D:2      | Killed Robin
  2526 | D:3      | Found an ancient bone altar of Kikubaaqudgha.
  2533 | D:3      | You fall into a shaft and drop 3 floors!
  2539 | D:5      | Entered Level 5 of the Dungeon
  2552 | D:5      | Slain by an iguana

Illustrated notes

Levels and vault maps discovered:
D:1:      saegor_arrival_simple_c, layout_basic,
          nicolae_concentric_dashed_squares_wild
D:2:      minmay_razor_zed, layout_rooms, uniq_natasha, uniq_terence, uniq_robin
D:3:      layout_loops_ring, grunt_temple_overflow_magic_moments
D:5:      layout_rooms, serial_bayou, serial_bayou_shore_a, serial_bayou_pond_b,
          serial_bayou_pond_a, serial_bayou_pond_c
D:6:      layout_loops_ring, mainiacjoe_overflow_six_doors_small, minivault_11,
          kennysheep_donut, kennysheep_cross_room, kennysheep_doodads,
          uniq_crazy_yiuf_cottage

Skill      XL: |  1  2  3  4 |
---------------+-------------+-----
Conjurations   | 5 |  5.8
Spellcasting   | 4 |  4.0
Hexes          | 1 2 |  2.0
Dodging        | 3 |  3.0
Ice Magic      | 2 3 |  3.0
Stealth        | |  2.4

Action                     |  1- 3 |  4- 6 || total
---------------------------+-------+-------++-------
  Melee: Dagger            |       |     1 ||     1
   Cast: Magic Dart        |    76 |    85 ||   161
         Searing Ray       |     1 |       ||     1
    Use: Scroll            |       |     3 ||     3
 Armour: Robe              |       |     1 ||     1
  Dodge: Dodged            |     2 |    15 ||    17
